 Dungeon Crawl Stone Soup version 0.18-a0-596-g6468885 (webtiles) character file.

205 benitares the Chiller (level 5, -3/31 HPs)
             Began as an Octopode Ice Elementalist on Dec 3, 2015.
             Slain by a gnoll
             ... wielding a +0 spear
              (8 damage)
             ... on level 3 of the Dungeon.
             The game lasted 00:09:35 (3444 turns).

benitares the Chiller (Octopode Ice Elementalist)   Turns: 3444, Time: 00:09:35

Health: -3/31      AC:  1    Str: 12    XL:     5   Next: 83%
Magic:  6/8        EV: 18    Int: 19    God:
Gold:   104        SH:  0    Dex: 17    Spells: 2 memorised, 5 levels left

rFire  . . .     SeeInvis .     t - +4 trident
rCold  . . .     Clarity  .     (no shield)
rNeg   . . .     SustAt   .     (helmet restricted)
rPois  .         Gourm    .     (no amulet)
rElec  .         Spirit   .     r - ring of protection from magic
rCorr  .         Dismiss  .     (no ring)
rMut   .         Stasis   .     (no ring)
MR     +....                    (no ring)
Stlth  ++++......               (no ring)
                                (no ring)
                                (no ring)
                                (no ring)

@: mighty, agile, somewhat resistant to hostile enchantments, stealthy
A: almost no armour, amphibious, 8 rings, constrict 8, camouflage 1, gelatinous
body 1
a: no special abilities


You were on level 3 of the Dungeon.
You were not hungry.

You visited 1 branch of the dungeon, and saw 3 of its levels.
You also visited: Sewer.

You collected 104 gold pieces.

Inventory:

Hand Weapons
 t - a +4 trident (weapon)
Jewellery
 r - a ring of protection from magic (left tentacle)
Scrolls
 d - a scroll of fear
 h - a scroll of magic mapping {unknown}
 i - a scroll of fog {unknown}
 j - a scroll of identify {unknown}
 k - 3 scrolls of remove curse
 l - a scroll of enchant weapon {unknown}
 p - a scroll of teleportation {unknown}
 q - a scroll of brand weapon {unknown}
Potions
 c - a potion of might
 e - a potion of haste {unknown}
 f - 2 potions of curing {unknown}
 g - a potion of heal wounds {unknown}
 m - 2 potions of invisibility {unknown}
 o - 3 potions of agility
 s - a potion of mutation {unknown}
Books
 a - a book of Frost

   Spells                             Type                      Level
   a - Freeze                         Ice                          1
   b - Throw Frost                    Conjuration/Ice              2
   c - Ozocubu's Armour               Charms/Ice                   3
   d - Throw Icicle                   Conjuration/Ice              4
   e - Summon Ice Beast               Ice/Summoning                4
   f - Condensation Shield            Ice                          4
Comestibles
 b - 2 bread rations
 n - 2 meat rations
 u - 2 chunks of flesh


   Skills:
 - Level 2.0 Dodging
 - Level 2.6 Stealth
 - Level 2.0 Spellcasting
 + Level 2.8 Conjurations
 + Level 5.6 Ice Magic


You had 5 spell levels left.
You knew the following spells:

 Your Spells              Type           Power        Failure   Level  Hunger
a - Freeze                Ice            ###.         1%          1    #......
b - Throw Frost           Conj/Ice       ###...       6%          2    ###....


Dungeon Overview and Level Annotations

Branches:
Dungeon (3/15)

Altars:
Cheibriados
Dithmenos
Makhleb
Pakellas


Innate Abilities, Weirdness & Mutations

You cannot wear most types of armour.
You are amphibious.
You can wear up to eight rings at the same time.
You can use your tentacles to constrict eight enemies at once.
Your skin changes colour to match your surroundings (Stealth).
Your rubbery body absorbs attacks (AC +1).


Message History

Casting: Freeze
Confirm with . or Enter, or press ? or * to list all spells.
Aiming: Freeze
Press: ? - help, Shift-Dir - straight line, f/p - gnoll
Aim: a gnoll (severely wounded)
You freeze the gnoll.
The gnoll is almost dead.
The gnoll hits you.
The gnoll hits you from afar with a spear!
* * * LOW HITPOINT WARNING * * *
Drink which item? (? for menu, Esc to quit)
It was a potion of agility.
You feel agile all of a sudden. The gnoll misses you. x2
Drink which item? (? for menu, Esc to quit)
It was a potion of might.
You feel very mighty all of a sudden. The gnoll completely misses you.
The gnoll hits you from afar with a spear!
You die...

....##....####...####.....##.#...
.............g....g...g..........
...######...##..###....####....##
#######...#.##.###..##.#....####
#.........#....###.###....#.##
#..[......###.##.....[.......##
.................##########...##
................######......#..##
..........###...@gg....#######...
..............#.###..### ###.
...........##.#.# #<.# ##
..............#.# #..#
.#....###...###># #..#
...##.........#.. ....
.######..#[##..........
.#####..##.# ###.......
.##....###.# ........ #ยง


You could see 2 gnolls.

Vanquished Creatures
  Purgy (Sewer)
  2 adders
  A gnoll (D:2)
  2 oozes (D:1)
  3 giant geckos
  10 bats
  5 giant cockroaches
  9 goblins
  10 hobgoblins
  4 jackals (D:2)
  9 kobolds
  2 quokkas (D:2)
  A ball python (D:2)
  4 giant newts
  11 rats
74 creatures vanquished.

Notes
Turn   | Place    | Note
--------------------------------------------------------------
     0 | D:1      | benitares the Octopode Ice Elementalist began the quest for the Orb.
     0 | D:1      | Reached XP level 1. HP: 11/11 MP: 3/3
   214 | D:1      | Reached XP level 2. HP: 6/17 MP: 3/5
   717 | D:1      | Reached skill level 4 in Ice Magic
   740 | D:1      | Reached XP level 3. HP: 17/21 MP: 3/6
  1732 | D:2      | Learned a level 2 spell: Throw Frost
  1799 | D:2      | Reached XP level 4. HP: 24/27 MP: 7/7
  2141 | D:2      | Found an oddly glowing altar of Pakellas.
  2141 | D:2      | Found a snail-covered altar of Cheibriados.
  2569 | D:3      | Found a burning altar of Makhleb.
  2681 | D:3      | Found a shadowy altar of Dithmenos.
  2810 | D:3      | Found a glowing drain.
  2817 | D:3      | Reached skill level 5 in Ice Magic
  2823 | Sewer    | Entered a sewer
  2966 | Sewer    | Noticed Purgy
  3124 | Sewer    | Killed Purgy
  3124 | Sewer    | Reached XP level 5. HP: 12/31 MP: 3/8
  3444 | D:3      | Slain by a gnoll

Vault maps used:
D:1:      erik_arrival_gehennom
D:2:      gammafunk_temple_overflow_elements, first_bread
D:3:      lightli_temple_of_fire, grunt_dithmenos_smoke_and_mirrors,
          portal_sewer_entry_d
Sewer:    kennysheep_door_sewer

Action                   |  1- 3 |  4- 6 || total
-------------------------+-------+-------++-------
Melee: Unarmed           |    97 |    53 ||   150
       Trident           |       |     2 ||     2
 Cast: Freeze            |    18 |    21 ||    39
       Throw Frost       |       |     3 ||     3
  Use: Scroll            |       |     3 ||     3
       Potion            |       |     2 ||     2
 Stab: Sleeping          |     8 |    10 ||    18
  Eat: Chunk             |     3 |     6 ||     9
